 Dungeon Sprint DCSS version 0.18-a0-1126-ga2d7f46 (webtiles) character file.

139 pipel the Covert (level 5, -1/26 HPs)
             Began as a Vine Stalker Assassin on Jan 20, 2016.
             Was an Initiate of Ru.
             Slain by a gargoyle
             ... wielding a +0 flail
              (10 damage)
             ... in the Dungeon (Sprint IX: "|||||||||||||||||||||||||||||").
             The game lasted 00:01:31 (106 turns).

pipel the Covert (Vine Stalker Assassin)             Turns: 106, Time: 00:01:32

Health: -1/26      AC:  4    Str: 14    XL:     5   Next: 22%
Magic:  0/6        EV: 13    Int: 11    God:    Ru [......]
Gold:   0          SH:  0    Dex: 17    Spells: 0 memorised, 4 levels left

rFire  . . .     SeeInvis +     a - +2 rapier of Umyt {pierce, rElec Dex-2 SInv}
rCold  . . .     Gourm    .     c - +0 robe
rNeg   . . .     Faith    .     (no shield)
rPois  .         Spirit   +     (no helmet)
rElec  +         Dismiss  .     d - +0 cloak
rCorr  .         Reflect  .     (no gloves)
SustAt .         Harm     .     t - +0 pair of boots
MR     .....     NoTele   +     (no amulet)
Stlth  +++++.....               w - +3 ring of dexterity
                                v - +2 ring of evasion

@: invisible, not resistant to hostile enchantments, quite stealthy
A: fangs 2, regeneration 1, magic shield, antimagic bite, no device heal 3, rot
immunity
a: Renounce Religion


You were in the Dungeon.
You worshipped Ru.
Ru was noncommittal.
You were not hungry.

You visited 1 branch

Inventory:

Hand Weapons
 a - the +2 rapier of Umyt (weapon) {pierce, rElec Dex-2 SInv}
   (You found it in the Dungeon)

   It inflicts extra damage upon your enemies.
   It affects your dexterity (-2).
   It insulates you from electricity.
   It lets you see invisible.
 b - a +0 blowgun
 s - a +2 dagger
Missiles
 e - 8 poisoned needles
 f - 2 curare-tipped needles
Armour
 c - a +0 robe (worn)
 d - a +0 cloak (worn)
 t - a +0 pair of boots (worn)
 u - a +0 cloak
Magical Staves
 r - an uncursed staff of energy
Jewellery
 v - a +2 ring of evasion (left hand)
 w - a +3 ring of dexterity (right hand)
Wands
 q - a wand of fire (4/15)
Scrolls
 m - 2 scrolls of blinking
 o - 3 scrolls of remove curse
 p - 2 scrolls of amnesia
Potions
 h - 5 potions of curing
 i - 3 potions of heal wounds
 j - a potion of haste
 k - 4 potions of magic
Comestibles
 g - a bread ration
 n - 3 chunks of flesh


   Skills:
 + Level 2.0 Fighting
 + Level 2.1 Short Blades
 - Level 1.7 Throwing
 - Level 0.7 Dodging
 + Level 13.1 Stealth


You had 4 spell levels left.
You didn't know any spells.

Dungeon Overview and Level Annotations

Branches:
Dungeon (1/1)

Altars:
Cheibriados
Dithmenos
Elyvilon
Fedhas
Gozag
Kikubaaqudgha
Makhleb
Nemelex Xobeh
Okawaru
Pakellas
Qazlal
Ru
Sif Muna
Trog
Vehumet
Xom
Yredelemnul
Zin
The Shining One
Beogh
Jiyva
Lugonu


Innate Abilities, Weirdness & Mutations

You have extremely sharp teeth.
Your natural rate of healing is unusually fast.
When hurt, damage is shared between your health and your magic reserves.
Your bite disrupts and absorbs the magic of your enemies.
Potions and wands cannot restore your health.
You are immune to rotting.


Message History

The gargoyle hits you but does no damage.
Unknown command.
You hit the gargoyle but do no damage.
The gargoyle is moderately damaged.
You hit the gargoyle but do no damage. Your bite misses the gargoyle.
The gargoyle is moderately damaged.
The gargoyle barely misses you.
You hit the gargoyle but do no damage.
You bite the gargoyle, but do no damage.
The gargoyle is moderately damaged.
The gargoyle hurls a stone arrow at you.
The stone arrow hits you!
Ouch! That really hurt!
You take 17 damage, and have 9/26 hp.
MASSIVE DAMAGE!!
You now have 2/6 mp.
Drink which item? (? for menu, Esc to quit)
Okay, then.
Drink which item? (? for menu, Esc to quit)
You fade into invisibility!
The gargoyle hits you with a flail!
You die... ▓▓▓▓▓▓▓▓▓▓▓▓▓▓▓▓▓▓▓▓▓▓▓▓ +...lV9@..[..)...'______ ▓▓▓▓▓▓▓▓▓▓▓▓▓▓▓▓▓▓▓▓▓▓▓▓

You could see a vampire (invisible), a gargoyle and an iguana.

Vanquished Creatures
  An ogre (D)
  A worker ant (D)
  2 adders (D)
  An adder zombie (D)
  A giant gecko (D)
  4 bats (D)
  A quokka (D)
  A giant gecko skeleton (D)
  A giant newt (D)
13 creatures vanquished.

Notes
Turn   | Place    | Note
--------------------------------------------------------------
     0 | D        | pipel the Vine Stalker Assassin began the quest for the Orb.
     0 | D        | Reached XP level 1. HP: 11/11 MP: 2/2
     5 | D        | Reached skill level 5 in Stealth
     7 | D        | Reached skill level 6 in Stealth
    24 | D        | Noticed an ogre
    26 | D        | Reached skill level 8 in Stealth
    26 | D        | Reached XP level 2. HP: 9/15 MP: 3/3
    33 | D        | Killed an ogre
    33 | D        | Reached skill level 12 in Stealth
    33 | D        | Reached XP level 3. HP: 14/18 MP: 4/4
    33 | D        | Reached XP level 4. HP: 17/23 MP: 5/5
    45 | D        | Found a glowing silver altar of Zin.
    45 | D        | Found a glowing golden altar of the Shining One.
    45 | D        | Found an ancient bone altar of Kikubaaqudgha.
    45 | D        | Found a basalt altar of Yredelemnul.
    45 | D        | Found a shimmering altar of Xom.
    45 | D        | Found a radiant altar of Vehumet.
    46 | D        | Found an iron altar of Okawaru.
    47 | D        | Found a burning altar of Makhleb.
    48 | D        | Found a deep blue altar of Sif Muna.
    49 | D        | Found a bloodstained altar of Trog.
    50 | D        | Found a sparkling altar of Nemelex Xobeh.
    51 | D        | Found a white marble altar of Elyvilon.
    52 | D        | Found a roughly hewn altar of Beogh.
    53 | D        | Found a viscous altar of Jiyva.
    54 | D        | Found a corrupted altar of Lugonu.
    55 | D        | Found a blossoming altar of Fedhas.
    56 | D        | Found a snail-covered altar of Cheibriados.
    57 | D        | Found a shadowy altar of Dithmenos.
    58 | D        | Found a stormy altar of Qazlal.
    59 | D        | Found an opulent altar of Gozag.
    60 | D        | Found a sacrificial altar of Ru.
    61 | D        | Found an oddly glowing altar of Pakellas.
    68 | D        | Became a worshipper of Ru the Awakened
    80 | D        | Got the +2 rapier of Umyt {pierce, rElec Dex-2 SInv}
    98 | D        | Noticed a vampire
    98 | D        | Noticed a gargoyle
   101 | D        | Reached XP level 5. HP: 26/26 MP: 6/6
   102 | D        | Reached skill level 13 in Stealth
   106 | D        | Slain by a gargoyle

Vault maps used:
D:        linesprint

Action                   |  1- 3 |  4- 6 || total
-------------------------+-------+-------++-------
Melee: Dagger            |    13 |     3 ||    16
       Rapier            |       |     3 ||     3
Evoke: Wand              |       |     3 ||     3
  Use: Potion            |     1 |     1 ||     2
 Stab: Sleeping          |     5 |       ||     5
